 Dungeon Crawl Stone Soup version 0.29-a0-1065-g47a6bb87d6 (webtiles) character file.

Game seed: 3413407422383359939

7702 jlumianski the Cruncher (level 11, 0/83 HPs)
             Began as a Demonspawn Gladiator on Aug 17, 2022.
             Was a Follower of Qazlal.
             Shot with an arrow by a centaur warrior (8 damage)
             ... on level 10 of the Dungeon on Aug 18, 2022.
             The game lasted 00:42:16 (11356 turns).

jlumianski the Cruncher (Demonspawn Gladiator)     Turns: 11356, Time: 00:42:16

Health: 0/83       AC: 15    Str: 24    XL:     11   Next: 0%
Magic:  14/14      EV: 10    Int: 11    God:    Qazlal [*.....]
Gold:   439        SH:  7    Dex: 14    Spells: 10/10 levels left

rFire   . . .      SeeInvis .   K - +2 lajatang (elec)
rCold   . . .      Faith    .   (shield currently unavailable)
rNeg    . . .      Spirit   .   E - +0 chain mail
rPois   +          Reflect  +   (helmet unavailable)
rElec   .          Harm     .   (no cloak)
rCorr   .          Rampage  .   (no gloves)
Will    .....                   n - +2 pair of boots
Stlth   ..........              W - amulet of reflection
HPRegen 0.23/turn               x - +6 ring of strength
MPRegen 0.14/turn               o - ring of poison resistance

@: no status effects
A: horns 3, icy blue scales 1, spiny 2
a: Renounce Religion


You were on level 10 of the Dungeon.
You worshipped Qazlal.
Qazlal was aware of your devotion.
You visited 2 branches of the dungeon, and saw 11 of its levels.

You collected 593 gold pieces.
You spent 154 gold pieces at shops.

Inventory:

Hand Weapons
 a - a +0 war axe
 q - a +6 flail of flaming
 u - a +0 dagger of venom
 z - a +2 hand axe of electrocution
 K - a +2 lajatang of electrocution (weapon)
 O - a +2 whip of electrocution
Missiles
 d - 4 throwing nets
 e - a javelin
 j - 91 stones
 v - a silver boomerang
 A - 21 poisoned darts (quivered)
 U - 4 boomerangs
Armour
 b - a +0 leather armour
 c - a +0 helmet
 g - a +0 ring mail
 n - a +2 pair of boots (worn)
 r - a +0 scale mail
 s - a +0 buckler
 E - a +0 chain mail (worn)
Magical Staves
 I - a staff of cold
Jewellery
 f - a ring of protection from fire
 k - a +6 ring of intelligence
 o - a ring of poison resistance (right hand)
 t - an amulet of the acrobat
 x - a +6 ring of strength (left hand)
 H - a +6 ring of intelligence
 T - a ring of protection from fire
 W - an amulet of reflection (around neck)
Wands
 y - a wand of charming (9)
 V - a wand of light (4)
Scrolls
 l - 2 scrolls of fear
 p - 2 scrolls of noise
 C - 2 scrolls of brand weapon
 D - 2 scrolls of teleportation
 J - a scroll of silence {unknown}
 M - 3 scrolls of poison
 P - a scroll of summoning {unknown}
 S - a scroll of enchant armour
Potions
 h - a potion of mutation
 i - a potion of attraction
 m - a potion of berserk rage
 w - 3 potions of curing
 B - 2 potions of haste
 F - 2 potions of ambrosia
 G - 2 potions of might
 L - 3 potions of brilliance
 N - 3 potions of heal wounds
 Q - a potion of resistance
 R - a potion of degeneration {unknown}


   Skills:
 + Level 6.7 Fighting
 + Level 6.6 Axes
 + Level 0.2(6.5) Maces & Flails
 + Level 8.0 Staves
 + Level 2.7 Throwing
 + Level 7.0 Armour
 + Level 4.1 Dodging
 - Level 0.7 Stealth
 - Level 1.7 Shields
 * Level 5.1 Invocations
 * Level 4.7 Evocations


You had 10 spell levels left.
You didn't know any spells.
Your spell library contained the following spells:

 Spells                   Type           Power      Damage    Failure   Level
 Beastly Appendage        Tmut           0%         N/A       91%         1
 Freeze                   Ice            0%         1d3       91%         1
 Slow                     Hex            0%         N/A       91%         1
 Ensorcelled Hibernation  Hex/Ice        0%         N/A       97%         2
 Wereblood                Tmut           0%         N/A       97%         2
 Confusing Touch          Hex            0%         N/A       100%        3
 Frozen Ramparts          Ice            0%         1d1       100%        3
 Spider Form              Tmut/Pois      0%         N/A       100%        3
 Vampiric Draining        Necr           0%         2d6       100%        3
 Anguish                  Hex/Necr       0%         N/A       100%        4
 Hailstorm                Conj/Ice       0%         3d3       100%        4
 Olgreb's Toxic Radiance  Pois           0%         N/A       100%        4
 Ozocubu's Refrigeration  Ice            0%         4d7       100%        7
 Ignition                 Fire           0%         3d3       100%        8


Dungeon Overview and Level Annotations

Branches:
Dungeon (10/15)            Temple (1/1) D:5
   Lair: D:8-11         Orc: D:9-12

Altars:
Gozag
Okawaru
Qazlal
Ru

Shops:
D:3 :*:   D:8 =


Innate Abilities, Weirdness & Mutations

You have a pair of large horns on your head.
You are partially covered in icy blue scales. (AC +2)
You are mostly covered in sharp spines.


Message History

The shadow completely misses you.
You closely miss the shadow. You headbutt the shadow!
The shadow is heavily damaged.
The shadow barely misses you.
You slice the shadow!!
You destroy the shadow!
Qazlal accepts your kill.
Your Armour skill increases to level 7!
You have reached level 11!
Your demonic ancestry asserts itself...
Sharp spines emerge from more of your body.
Found a lightning rod (4/4).
A - 21 poisoned darts (gained 1)
An orc wizard comes into view. It is wielding a +0 dagger.
The orc wizard shouts!
You hear a shout! x2
An orc wizard comes into view. It is wielding a +0 dagger.
You hear a shout!
You see here 2 poisoned darts.
A troll comes into view.
The orc wizard mumbles some strange words.
The orc wizard flickers and vanishes!
Deactivating autopickup; reactivate with Ctrl-A.
A centaur warrior comes into view.
It is wielding the +9 staff of Wucad Mu {*channel}.
You see here a poisoned dart.
The centaur warrior unwields the +9 staff of Wucad Mu {*channel}.
The centaur warrior wields a +0 shortbow.
The centaur warrior shoots an arrow.
The arrow hits you.
You hear a shout!
You see here 2 poisoned darts.
You hear a shout!
The centaur warrior shoots an arrow.
The arrow completely misses you.
The centaur warrior shoots an arrow.
The arrow hits you.
The centaur warrior shoots an arrow.
The arrow hits you!!
The centaur warrior shoots an arrow.
The arrow hits you but does no damage.
The centaur warrior shoots an arrow.
The arrow hits you.
* * * LOW HITPOINT WARNING * * *
The centaur warrior shoots an arrow.
The arrow hits you!
* * * LOW HITPOINT WARNING * * *
The centaur warrior shoots an arrow.
The arrow hits you!
You die...

.### #
..<#.################
...#.##.............#
.....##.............#
...####.............#
...####.............#
......+.....<.......#
..##..#.............#####
.......#.#......@.........#
.......#.###....)§.....####
....#..#.##.............#
....#.##.#....###.###.....
....>........## #(# #.....
............## #(# #....
.....######## #(# ####
.†...# #c# ...#.# .{o


You could see a centaur warrior.

Vanquished Creatures
  A hydra (D:10)
  2 two-headed ogres (D:9)
  Pikel (D:6)
  Joseph (D:7)
  Psyche (D:9)
  A troll (D:10)
  A hornet (D:8)
  A shadow (D:10)
  Eustachio (D:5)
  4 wraiths
  4 yaks (D:9)
  A steam dragon (D:8)
  A vampire mosquito (D:10)
  Edmund (D:5)
  An acid dragon (D:8)
  2 water moccasins
  Duvessa (D:5)
  2 orc warriors
  4 centaurs
  An ogre (D:4)
  A lemure (D:6)
  A phantom (D:6)
  2 kobold brigands
  2 bullfrogs
  A necrophage (D:7)
  6 scorpions
  Dowan (D:5)
  A killer bee (D:9)
  2 howler monkeys
  2 gnoll boudas (D:4)
  4 jellies
  2 orc priests
  A hound (D:6)
  2 iguanas
  Ijyb (D:5)
  3 orc wizards
  13 gnolls (D:4)
  7 adders
  2 shadow imps
  2 white imps
  An ufetubus (D:5)
  4 worms
  A dart slug (D:3)
  17 orcs
  14 endoplasms
  2 giant cockroaches
  9 hobgoblins
  5 quokkas
  2 training dummies (D:5)
  6 ball pythons
  8 bats
  3 frilled lizards
  4 goblins
  27 kobolds
  15 rats
206 creatures vanquished.

Vanquished Creatures (others)
  9 fungi
  5 toadstools (D:4)
14 creatures vanquished.

Grand Total: 220 creatures vanquished

Notes
Turn   | Place    | Note
-------+----------+-------------------------------------------
     0 | D:1      | jlumianski the Demonspawn Gladiator began the quest for the
                  | Orb.
     0 | D:1      | Reached XP level 1. HP: 16/16 MP: 1/1
   105 | D:1      | Found a faded altar of an unknown god.
   319 | D:1      | Gained mutation: You are partially covered in icy blue
                  | scales. (AC +2) [demonic ancestry]
   319 | D:1      | Reached XP level 2. HP: 18/22 MP: 2/2
  1146 | D:2      | Reached XP level 3. HP: 28/28 MP: 3/3
  1697 | D:2      | Reached skill level 1 in Armour
  2027 | D:3      | Gained mutation: You have a pair of small horns on your
                  | head. [demonic ancestry]
  2027 | D:3      | Reached XP level 4. HP: 34/34 MP: 4/4
  2088 | D:3      | Found Ynefyll's Assorted Antiques.
  2097 | D:3      | Found Riq Fips's Book Boutique.
  2122 | D:3      | Bought a tiny zirconium amulet for 110 gold pieces
  2127 | D:3      | Bought a scroll of identify for 44 gold pieces
  2639 | D:3      | Found Qyumajea's Book Boutique.
  3015 | D:3      | Reached XP level 5. HP: 39/39 MP: 5/5
  3347 | D:4      | Noticed an ogre
  3362 | D:4      | Killed an ogre
  3577 | D:4      | Gained mutation: You have a pair of horns on your head.
                  | [demonic ancestry]
  3577 | D:4      | Reached XP level 6. HP: 47/47 MP: 6/6
  3618 | D:4      | Reached skill level 5 in Axes
  3919 | D:4      | Found a large runed translucent door.
  3920 | D:4      | Found a large runed translucent door.
  4209 | D:4      | Noticed a water moccasin
  4229 | D:4      | Killed a water moccasin
  4505 | D:4      | Gained mutation: You have a pair of large horns on your
                  | head. [demonic ancestry]
  4505 | D:4      | Reached XP level 7. HP: 51/52 MP: 7/7
  4741 | D:4      | Found a sacrificial altar of Ru.
  4778 | D:5      | Entered Level 5 of the Dungeon
  4858 | D:4      | Reached skill level 1 in Shields
  5198 | D:5      | Noticed Ijyb
  5203 | D:5      | Killed Ijyb
  5228 | D:5      | Noticed Eustachio
  5358 | D:5      | Reached XP level 8. HP: 60/60 MP: 8/8
  5366 | D:5      | Noticed Edmund
  5384 | D:5      | Killed Edmund
  5738 | D:5      | Killed Eustachio
  5739 | D:5      | Reached skill level 1 in Staves
  5764 | D:5      | Found a staircase to the Ecumenical Temple.
  5780 | Temple   | Entered the Ecumenical Temple
  5806 | Temple   | Became a worshipper of Qazlal Stormbringer
  5876 | D:5      | Noticed Duvessa
  5876 | D:5      | Noticed Dowan
  6475 | D:5      | Killed Dowan
  6476 | D:5      | Reached skill level 2 in Staves
  6529 | D:5      | Killed Duvessa
  6935 | D:6      | Reached skill level 3 in Staves
  7437 | D:6      | Reached skill level 4 in Staves
  7440 | D:6      | Reached XP level 9. HP: 62/67 MP: 9/9
  7605 | D:6      | Noticed Pikel
  7615 | D:6      | Killed Pikel
  7616 | D:6      | Reached skill level 5 in Fighting
  7616 | D:6      | Reached skill level 5 in Staves
  7616 | D:6      | Reached skill level 5 in Armour
  8234 | D:7      | Noticed Joseph
  8247 | D:7      | Killed Joseph
  8643 | D:8      | Reached skill level 6 in Staves
  8784 | D:8      | Reached skill level 1 in Evocations
  8921 | D:8      | Found Murig's Jewellery Shoppe.
  9095 | D:8      | Reached skill level 1 in Invocations
  9942 | D:8      | Reached * piety under Qazlal
 10396 | D:9      | Gained mutation: You are partially covered in sharp spines.
                  | [demonic ancestry]
 10396 | D:9      | Reached XP level 10. HP: 68/76 MP: 11/11
 10578 | D:9      | Identified the -2 tower shield of the Slorg {rN+ Dex-2
                  | Stlth+}
 10920 | D:9      | Noticed Psyche
 10922 | D:9      | Killed Psyche
 10923 | D:9      | Reached skill level 7 in Staves
 10998 | D:10     | Entered Level 10 of the Dungeon
 11128 | D:10     | Noticed a two-headed ogre
 11133 | D:10     | Noticed a two-headed ogre
 11147 | D:9      | Killed a two-headed ogre
 11150 | D:9      | Upgraded the game from 0.29-a0-1047-g7c58e119a4 to
                  | 0.29-a0-1065-g47a6bb87d6
 11313 | D:9      | Killed a two-headed ogre
 11319 | D:10     | Noticed a five-headed hydra
 11327 | D:10     | Killed a five-headed hydra
 11328 | D:10     | Reached skill level 8 in Staves
 11328 | D:10     | Reached skill level 5 in Invocations
 11345 | D:10     | Gained mutation: You are mostly covered in sharp spines.
                  | [demonic ancestry]
 11345 | D:10     | Reached XP level 11. HP: 54/83 MP: 14/14
 11350 | D:10     | Noticed a centaur warrior
 11356 | D:10     | Shot with an arrow by a centaur warrior

Illustrated notes

Levels and vault maps discovered:
D:1:      onia_arrival_handbag, layout_basic,
          shapermc_ecumenical_altar_acropolis
D:2:      kennysheep_big_flooded_room, layout_loops_ring,
          minmay_rat_gold_closets
D:3:      layout_loops_ring, serial_shops, nicolae_shop_waterfront, shop,
          nicolae_shop_trees, grunt_ministairs_11, minmay_distorted
D:4:      cheibrodos_fertilizer, layout_basic, jmf_multi_god_temple2,
          grunt_ministairs_15
D:5:      dreamdust_elfheim, layout_rooms, minmay_temple_entry_large_hall,
          uniq_eustachio, uniq_edmund, uniq_ijyb
D:6:      layout_loops_ring, uniq_pikel
D:7:      layout_loops_ring, uniq_joseph
D:8:      layout_basic, serial_shops, nicolae_lakefront_shop
D:9:      layout_basic, minmay_crystal_room, uniq_psyche
D:10:     minmay_the_grid_octo_tiled_squarecenter
          [minmay_the_grid_octo_fat_diamond, minmay_the_grid_octo_concentric,
          minmay_the_grid_octo_vomiting_pacman, minmay_the_grid_octo_clover,
          minmay_the_grid_square_5x5_megaprize_diamond,
          minmay_the_grid_square_5x5_two_walls_a,
          minmay_the_grid_square_5x5_bracketed,
          minmay_the_grid_square_5x5_trominoes,
          minmay_the_grid_square_5x5_hollow_slash], layout_basic,
          mainiacjoe_overflow_big_doors, orc_0_dummy, serial_shops, shop
Temple:   mainiacjoe_temple_bowtie_tessellation

Skill      XL: |  1  2  3  4  5  6  7  8  9 10 |
---------------+-------------------------------+-----
Axes           | 3 4 5 6 |  6.6
Armour         | 1 2 3 4 6 7 |  7.0
Fighting       | 3 4 5 6 |  6.7
Throwing       | 2 |  2.7
Dodging        | 3 4 |  4.1
Shields        | 1 |  1.7
Staves         | 4 6 8 |  8.0
Evocations     | 2 4 |  4.7
Invocations    | 2 5 |  5.1
Maces & Flails | |  0.2
Stealth        | |  0.7

Action                   |  1- 3 |  4- 6 |  7- 9 | 10-12 || total
-------------------------+-------+-------+-------+-------++-------
Melee: War axe           |   108 |    45 |       |       ||   153
       Punch             |     1 |       |       |       ||     1
       Headbutt          |       |    14 |    47 |    13 ||    74
       Hand axe          |       |    91 |    64 |       ||   155
       Lajatang          |       |       |   175 |    54 ||   229
       Flail             |       |       |       |     3 ||     3
Throw: Stone             |       |     8 |       |       ||     8
       Dart              |       |     9 |     2 |     6 ||    17
Evoke: Wand              |       |       |       |     1 ||     1
  Use: Scroll            |     2 |     1 |    17 |       ||    20
       Potion            |       |       |     4 |     1 ||     5
Armor: Leather armour    |     6 |       |       |       ||     6
       Ring mail         |    48 |       |       |       ||    48
       Scale mail        |     1 |    31 |       |       ||    32
       Chain mail        |       |    43 |   135 |    23 ||   201
Dodge: Dodged            |    92 |    66 |   161 |    31 ||   350
Block: Buckler           |       |    14 |    20 |       ||    34
       Other             |       |       |     1 |     8 ||     9

Table legend: (Time is in decaauts)
 A = Elapsed time spent in this place.
 B = Non-inter-level travel time spent in this place.
 C = Inter-level travel time spent in this place.
 D = Time resting spent in this place.
 E = Time spent auto-exploring this place.
 F = Levels seen in this place.
 G = Mean time per level.
                   A        B        C        D        E       F      G
               +--------+--------+--------+--------+--------+-----+--------+
         Total |  11481 |  11085 |    396 |   1840 |   6070 |  11 | 1043.7 |
       Dungeon |  11432 |  11036 |    396 |   1840 |   6055 |  10 | 1143.2 |
        Temple |     48 |     48 |      0 |      0 |     15 |   1 |   48.0 |
               +--------+--------+--------+--------+--------+-----+--------+

Top non-repeatable levels by time:
     D:4: 2389 daAuts
     D:5: 1619 daAuts
     D:8: 1499 daAuts
     D:3: 1162 daAuts
     D:2: 1161 daAuts
     D:9: 1050 daAuts
     D:1: 883 daAuts
     D:6: 814 daAuts
     D:7: 665 daAuts
    D:10: 185 daAuts
  Temple: 48 daAuts
